 Dungeon Crawl Stone Soup version 0.21-a0-513-gdcb3f5e (webtiles) character file.

4 Laiders the Insei (level 1, 0/15 HPs)
             Began as a Merfolk Transmuter on Dec 1, 2017.
             Slain by a bat (1 damage)
             ... on level 1 of the Dungeon.
             The game lasted 00:00:26 (54 turns).

Laiders the Insei (Merfolk Transmuter)                Turns: 54, Time: 00:00:26

Health: 0/15       AC:  2    Str: 10    XL:     1   Next: 60%
Magic:  2/3        EV: 13    Int: 12    God:
Gold:   0          SH:  0    Dex: 14    Spells: 3/4 levels left

rFire    . . .     SeeInvis .     - Unarmed
rCold    . . .     Gourm    .   (no shield)
rNeg     . . .     Faith    .   b - +0 robe
rPois    .         Spirit   .   (no helmet)
rElec    .         Reflect  .   (no cloak)
rCorr    .         Harm     .   (no gloves)
MR       .....                  (no boots)
Stlth    +.........             (no amulet)
HPRegen  0.05/turn              (no ring)
MPRegen  0.08/turn              (no ring)

@: appendage
A: change form in water, swift swim, stealthy swim, horns 2
a: End Transformation


You were on level 1 of the Dungeon.
You were not hungry.
You had grown temporary horns.
You visited 1 branch of the dungeon, and saw 1 of its levels.

Inventory:

Missiles
 a - 12 arrows
Armour
 b - a +0 robe (worn)
Books
 c - a book of Changes

   Spells                             Type                      Level
   a - Beastly Appendage              Transmutation                1
   b - Sticks to Snakes               Transmutation                2
   c - Spider Form                    Transmutation/Poison         3
   d - Ice Form                       Ice/Transmutation            4
   e - Blade Hands                    Transmutation                5
Comestibles
 d - a bread ration


   Skills:
 - Level 1.1 Fighting
 - Level 2.6 Dodging
 + Level 3.4 Unarmed Combat
 + Level 2.1 Spellcasting
 + Level 2.9 Transmutations


You had 3 spell levels left.
You knew the following spells:

 Your Spells              Type           Power        Failure   Level  Hunger
a - Beastly Appendage     Tmut           #.....       9%          1    ##.....


Dungeon Overview and Level Annotations

Branches:
Dungeon (1/15)

Altars:


Innate Abilities, Weirdness & Mutations

You revert to your normal form in water.
You are very nimble and swift while swimming.
You are very stealthy in the water. (Stealth+)
You have a pair of horns on your head.


Message History

* * * LOW HITPOINT WARNING * * *
The bat barely misses you. The bat hits you but does no damage. x2
The bat closely misses you.
Casting: Beastly Appendage
Confirm with . or Enter, or press ? or * to list all spells.
You grow a pair of large bovine horns.
The bat barely misses you. The bat hits you.
* * * LOW HITPOINT WARNING * * *
The bat closely misses you. The bat misses you.
The bat hits you but does no damage. The bat hits you but does no damage.
The bat closely misses you. The bat barely misses you.
The bat closely misses you.
You hit the bat.
You kill the bat!
The bat hits you but does no damage. The bat misses you.
You hit the bat.
You kill the bat!
The bat closely misses you.
You miss the bat. The bat hits you.
You die...

####.........#### #.........
##...............###.........
#......⌠...⌠......##.........
#...⌠..(......⌠...##.........
.........≈.........#.........
...⌠...........⌠...#.........
<.....≈.....≈......).........
...⌠...........⌠b.)#.........
.........≈.....†@..#.........
#...⌠.........⌠...##$........
#......⌠...⌠......###........
##...............## #.......#
###...(.....#### #.......#
### ##### #.......#


You could see a bat.

Vanquished Creatures
  2 goblins (D:1)
  2 bats (D:1)
  A frilled lizard (D:1)
5 creatures vanquished.

Notes
Turn   | Place    | Note
-------+----------+-------------------------------------------
     0 | D:1      | Laiders the Merfolk Transmuter began the quest for the Orb.
     0 | D:1      | Reached XP level 1. HP: 15/15 MP: 3/3
    54 | D:1      | Slain by a bat

Vault maps used:
D:1:      dpeg_arrival_stone_temple_mockup

Action                   || total
-------------------------++-------
Melee: Unarmed           ||    19
 Cast: Beastly Appendage ||     2
Armor: Robe              ||    23
Dodge: Dodged            ||    63

Table legend:
 A = Spawn XP
 B = Non-spawn XP
 C = Spawn XP percentage of total XP
 D = Spawn monster count
 E = Non-spawn monster count
 F = Spawn count percentage of total count
 G = Total turns spent on level
                    A         B        C        D         E        F      G
               +---------+---------+-------+---------+---------+-------+---------
         Total |       0 |       6 |   0.0 |       0 |       5 |   0.0 |    54
               +---------+---------+-------+---------+---------+-------+---------
           D:1 |       0 |       6 |   0.0 |       0 |       5 |   0.0 |    54
               +---------+---------+-------+---------+---------+-------+---------
